 Dungeon Crawl Stone Soup version 0.27.1 (webtiles) character file.

Game seed: 4106709092726892676

84 MajorAdolf the Chiller (level 4, -2/38 HPs)
             Began as a Naga Wanderer on Aug 25, 2021.
             Slain by a black bear (5 damage)
             ... on level 2 of the Dungeon.
             The game lasted 00:02:56 (1931 turns).

MajorAdolf the Chiller (Naga Wanderer)              Turns: 1931, Time: 00:02:57

Health: -2/38      AC:  8    Str: 14    XL:     4   Next: 46%
Magic:  7/7        EV:  4    Int: 12    God:
Gold:   109        SH:  8    Dex: 12    Spells: 6/7 levels left

rFire    . . .     SeeInvis +   d - +2 dagger (venom)
rCold    . . .     Faith    .   g - +0 kite shield
rNeg     . . .     Spirit   .   c - +2 scale mail
rPois    +         Reflect  .   f - +0 helmet
rElec    .         Harm     .   (no cloak)
rCorr    .         Rampage  .   i - +0 pair of gloves
Will     .....                  (no barding)
Stlth    ..........             (no amulet)
HPRegen  0.12/turn              (no ring)
MPRegen  0.10/turn              (no ring)

@: very slow
A: AC +1, large, see invisible, deformed body, poison resistance, slowness 2,
spit poison 1, naga tail 1
a: Spit Poison


You were on level 2 of the Dungeon.
You visited 1 branch of the dungeon, and saw 2 of its levels.

You collected 109 gold pieces.

Inventory:

Hand Weapons
 a - a +0 club
 d - a +2 dagger of venom (weapon)
 k - a +2 dagger of venom
Armour
 c - a +2 scale mail (worn)
 f - a +0 helmet (worn)
 g - a +0 kite shield (worn)
 i - a +0 pair of gloves (worn)
Scrolls
 b - 2 scrolls of teleportation
 e - 3 scrolls of amnesia {unknown}
 j - a scroll of acquirement {unknown}
Potions
 h - 2 potions of invisibility {unknown}


   Skills:
 - Level 1.0 Fighting
 - Level 1.0 Bows
 - Level 1.0 Throwing
 - Level 1.0 Armour
 + Level 2.0 Shields
 - Level 2.0 Spellcasting
 - Level 1.0 Transmutations
 - Level 3.2 Ice Magic
 - Level 2.0 Earth Magic


You had 6 spell levels left.
You knew the following spells:

 Your Spells              Type           Power      Damage    Failure   Level
a - Freeze                Ice            32%        1d5       82%         1

Your spell library contained the following spells:

 Spells                   Type           Power      Damage    Failure   Level
 Animate Skeleton         Necr           2%         N/A       99%         1
 Pain                     Necr           4%         1d4       99%         1
 Passwall                 Tmut/Erth      3%         N/A       99%         2
 Frozen Ramparts          Ice            16%        1d3       99%         3
 Swiftness                Air            1%         N/A       100%        3
 Vampiric Draining        Necr           0%         2d6       100%        3
 Invisibility             Hex            0%         N/A       100%        6


Dungeon Overview and Level Annotations

Branches:
Dungeon (2/15)

Altars:


Innate Abilities, Weirdness & Mutations

Your serpentine skin is tough. (AC +1)
You have supernaturally acute eyesight. (SInv)
Armour fits poorly on your strangely shaped body.
Your system is resistant to poisons. (rPois)
You cover ground very slowly.
You can spit poison.
You have a snake-like lower body.


Message History

The black bear is poisoned.
The black bear is moderately wounded.
The black bear bites you.
The black bear claws you but does no damage. x2
You hit the black bear.
The black bear is heavily wounded.
You block the black bear's attack. The black bear claws you.
The black bear claws you but does no damage.
You hit the black bear.
The black bear looks even sicker.
The black bear is severely wounded.
The black bear barely misses you. You block the black bear's attack.
The black bear claws you but does no damage.
You closely miss the black bear.
The black bear is severely wounded.
You have got your breath back.
The black bear bites you. The black bear claws you.
The black bear claws you but does no damage.
You block the black bear's attack.
The black bear claws you but does no damage. x2
You hit the black bear.
The black bear looks as sick as possible!
The black bear is severely wounded.
The black bear barely misses you.
The black bear claws you but does no damage.
You block the black bear's attack.
Unknown command.
You hit the black bear but do no damage.
The black bear looks as sick as possible!
The black bear is severely wounded.
The black bear goes berserk!
Unknown command.
You block the black bear's attack. The black bear claws you.
* * * LOW HITPOINT WARNING * * *
The black bear claws you.
* * * LOW HITPOINT WARNING * * *
The black bear bites you but does no damage.
The black bear claws you but does no damage. x2
Unknown command.
The black bear bites you.
You die...

#.# ######.#####
..>........#
######..##.#
#...#.# ##..#.#
#....#
#....#############
##...†.†Sh@......#
#..############.#
##.# #.. #S.# .K..
..... .....
g...h..


You could see a black bear (berserk, extremely poisoned) and an adder.

Vanquished Creatures
  An adder (D:2)
  A worm (D:2)
  2 dart slugs
  4 ball pythons (D:1)
  3 endoplasms (D:2)
  6 giant cockroaches
  5 goblins
  8 hobgoblins
  8 jackals
  2 quokkas (D:1)
  5 bats
  A frilled lizard (D:1)
  10 kobolds
  5 rats
61 creatures vanquished.

Notes
Turn   | Place    | Note
-------+----------+-------------------------------------------
     0 | D:1      | MajorAdolf the Naga Wanderer began the quest for the Orb.
     0 | D:1      | MajorAdolf set off with the following items: a +0 club, a
                  | scroll of teleportation, a +2 scale mail; and the following
                  | spell memorised: Freeze; and the following spells available
                  | to memorise: Frozen Ramparts
     0 | D:1      | Reached XP level 1. HP: 18/18 MP: 3/3
   193 | D:1      | Reached skill level 1 in Ice Magic
   251 | D:1      | Reached XP level 2. HP: 19/25 MP: 5/5
   381 | D:1      | Reached skill level 2 in Ice Magic
   568 | D:1      | Reached XP level 3. HP: 21/31 MP: 6/6
   870 | D:1      | Reached skill level 3 in Ice Magic
  1036 | D:1      | Found a faded altar of an unknown god.
  1442 | D:2      | Reached XP level 4. HP: 37/38 MP: 7/7
  1902 | D:2      | Noticed a black bear
  1931 | D:2      | Slain by a black bear

Illustrated notes

Levels and vault maps discovered:
D:1:      minmay_arrival_four_loops, layout_basic, ebering_ecumenical_altar_box,
          st_stairs_2, minivault_4
D:2:      layout_basic, serial_shops, shop, minmay_increasing_density

Skill      XL: |  1  2  3  4 |
---------------+-------------+-----
Ice Magic      | 1 2 3 |  3.2
Shields        | 2 |  2.0
Fighting       | |  1.0
Bows           | |  1.0
Throwing       | |  1.0
Armour         | |  1.0
Spellcasting   | |  2.0
Transmutations | |  1.0
Earth Magic    | |  2.0

Action                   |  1- 3 |  4- 6 || total
-------------------------+-------+-------++-------
Melee: Dagger            |   129 |    36 ||   165
 Abil: Spit Poison       |     2 |     2 ||     4
Armor: Scale mail        |    75 |    20 ||    95
Dodge: Dodged            |    45 |    10 ||    55
Block: Kite shield       |    11 |    14 ||    25
